 Dungeon Crawl Stone Soup version 0.30-a0-457-g4b7bca3bfa (webtiles) character file.

Game seed: 14950885493886209506

2526 NinjaNoafa the Ruffian (level 9, -2/88 HPs)
             Began as a Troll Fighter on Dec 14, 2022.
             Was an Initiate of Wu Jian.
             Slain by a troll (4 damage)
             ... on level 7 of the Dungeon.
             The game lasted 00:12:09 (4980 turns).

NinjaNoafa the Ruffian (Troll Fighter)              Turns: 4980, Time: 00:12:10

Health: -2/88      AC:  4    Str: 26    XL:     9   Next: 29%
Magic:  8/8        EV: 10    Int:  4    God:    Wu Jian [......]
Gold:   390        SH: 11    Dex: 13    Spells: 8/8 levels left

rFire   . . .      SeeInvis .      - Unarmed
rCold   + . .      Faith    .    b - +2 kite shield
rNeg    . . .      Spirit   .    a - +0 robe
rPois   .          Reflect  .    (helmet restricted)
rElec   .          Harm     .    (no cloak)
rCorr   .          Rampage  .    (gloves unavailable)
Will    .....                    (boots unavailable)
Stlth   +.........               v - amulet of the acrobat
HPRegen 1.14/turn                m - ring of protection from cold
MPRegen 0.11/turn                (no ring)

@: no status effects
A: large, unfitting armour, claws 3, regeneration 1, shaggy fur 1, tough skin 1
a: Renounce Religion


You were on level 7 of the Dungeon.
You worshipped Wu Jian.
Wu Jian was noncommittal.
You visited 2 branches of the dungeon, and saw 8 of its levels.

You collected 390 gold pieces.

Inventory:

Missiles
 f - 67 stones (quivered)
 j - 2 boomerangs
 n - 11 poisoned darts
 y - 3 atropa-tipped darts
 C - a curare-tipped dart
Armour
 a - a +0 robe (worn)
 b - a +2 kite shield (worn)
Jewellery
 m - a ring of protection from cold (left claw)
 v - an amulet of the acrobat (around neck)
Wands
 c - a wand of paralysis (10)
 w - a wand of flame (28)
 x - a wand of roots (4)
Scrolls
 d - a scroll of fog {unknown}
 g - 10 scrolls of teleportation
 k - a scroll of noise
 t - a scroll of enchant weapon {unknown}
 u - 3 scrolls of poison {unknown}
 z - a scroll of brand weapon {unknown}
 D - 3 scrolls of amnesia {unknown}
Potions
 e - 3 potions of cancellation
 h - 2 potions of magic {unknown}
 i - 4 potions of curing
 l - a potion of haste {unknown}
 o - 3 potions of lignification
 q - a potion of flight {unknown}
 r - a potion of ambrosia {unknown}
 s - a potion of mutation {unknown}
 A - a potion of brilliance {unknown}
 B - a potion of invisibility {unknown}
 E - 2 potions of degeneration {unknown}


   Skills:
 + Level 5.5 Fighting
 - Level 2.5 Armour
 + Level 5.6 Dodging
 + Level 6.1 Shields
 + Level 6.4 Unarmed Combat


You had 8 spell levels left.
You didn't know any spells.
Your spell library contained the following spells:

 Spells                   Type           Power      Damage    Failure   Level
 Inner Flame              Hex/Fire       0%         N/A       98%         3
 Cause Fear               Hex            0%         N/A       100%        4
 Discord                  Hex            0%         N/A       100%        8


Dungeon Overview and Level Annotations

Branches:
Dungeon (7/15)             Temple (1/1) D:4

Altars:
Ashenzari
Cheibriados
Elyvilon
Fedhas
Hepliaklqana
Kikubaaqudgha
Makhleb
Nemelex Xobeh
Okawaru
Qazlal
Ru
Sif Muna
Trog
Uskayaw
Vehumet
Wu Jian
Xom
Yredelemnul
Zin
The Shining One


Innate Abilities, Weirdness & Mutations

You are too large for most types of armour.
You have claws for hands.
Your natural rate of healing is unusually fast.
You are covered in fur. (AC +1)
You have tough skin. (AC +1)


Message History

A troll comes into view.
A troll is nearby!
A troll is nearby!
A troll is nearby!
A troll is nearby!
A troll is nearby!
The troll shouts!
You throw a boomerang. The boomerang hits the troll.
The troll is lightly wounded.
You throw a boomerang. The boomerang closely misses the troll.
You throw a boomerang. The boomerang barely misses the troll.
You throw a boomerang. The boomerang hits the troll.
The troll is lightly wounded.
You block the troll's attack. The troll claws you! x2
You closely miss the troll. You block the troll's attack. x2
The troll claws you!
You scratch the troll.
The troll is lightly wounded.
You block the troll's attack. x3
Throw: 2 large rocks
Press: ? - help, Q - select action, (/) - cycle Shift-Dir - straight line, f/p - troll
Aim: a troll (lightly wounded, 59% to hit)
You throw a large rock. The large rock hits the troll.
The troll is lightly wounded.
The troll barely misses you. The troll claws you.
The troll claws you but does no damage. The troll bites you.
The troll claws you! x2
Throw: large rock
Press: ? - help, Q - select action, (/) - cycle Shift-Dir - straight line, f/p - troll
Aim: a troll (59% to hit)
You throw a large rock. The large rock hits the troll!
The troll is moderately wounded.
The troll bites you. The troll claws you!
* * * LOW HITPOINT WARNING * * *
You block the troll's attack. The troll bites you!
* * * LOW HITPOINT WARNING * * *
The troll claws you!
* * * LOW HITPOINT WARNING * * *
The troll claws you.
You die...

### ..#### ... #.......#
.....###....##.......#
#<...........#.......#
###...........#......######
......... ....#....#...+.#
......... #.......#.###.#+#
#####...# #..T.....#.....# #
#### #.@.....'.....##+## ######
#......##.....#...#
#....###>....#####.#'#...#
#............+...+.#......
##..........###...#####...#
#...#####...#.......#.'...+
#### #.).# ###.#+#...#'#.#####
...####...## ###....#...#.....#
...........###......##'##.....+


You could see a troll.

Vanquished Creatures
  Eustachio (D:5)
  A human (D:5)
  Pargi (D:3)
  4 ice beasts
  3 black bears
  2 sky beasts (D:6)
  An ogre (D:5)
  A centaur (D:6)
  A phantom (D:5)
  Blork the orc (D:5)
  A kobold brigand (D:6)
  A necrophage (D:4)
  A scorpion (D:5)
  3 wights
  2 howler monkeys (D:7)
  3 hounds
  2 jellies
  3 iguanas
  An orc wizard (D:3)
  Natasha (twice) (D:3)
  8 gnolls
  10 adders
  3 shadow imps
  A white imp (D:5)
  3 worms
  9 orcs
  5 ball pythons
  5 bats
  6 endoplasms
  A giant cockroach (D:3)
  7 hobgoblins
  9 jackals
  4 quokkas
  2 frilled lizards
  6 goblins
  A goblin zombie (D:5)
  14 kobolds
  3 rats
132 creatures vanquished.

Notes
Turn   | Place    | Note
-------+----------+-------------------------------------------
     0 | D:1      | NinjaNoafa the Troll Fighter began the quest for the Orb.
     0 | D:1      | Reached XP level 1. HP: 22/22 MP: 0/0
   126 | D:1      | Reached XP level 2. HP: 22/29 MP: 1/1
   508 | D:2      | Reached XP level 3. HP: 34/36 MP: 2/2
  1177 | D:2      | Reached skill level 1 in Armour
  1312 | D:3      | Reached XP level 4. HP: 41/44 MP: 3/3
  1565 | D:3      | Noticed Pargi
  1565 | D:3      | Noticed Natasha
  1730 | D:3      | Killed Pargi
  1731 | D:3      | Reached XP level 5. HP: 25/53 MP: 4/4
  1735 | D:3      | Killed Natasha
  1741 | D:3      | Reached XP level 6. HP: 39/61 MP: 5/5
  1884 | D:3      | Noticed Natasha
  1894 | D:3      | Killed Natasha
  2087 | D:4      | Found a blossoming altar of Fedhas.
  2237 | D:4      | Reached XP level 7. HP: 59/67 MP: 6/6
  2266 | D:4      | Found a staircase to the Ecumenical Temple.
  2277 | Temple   | Entered the Ecumenical Temple
  2341 | Temple   | Became a worshipper of the Wu Jian Council
  2788 | D:5      | Entered Level 5 of the Dungeon
  2889 | D:5      | Noticed Eustachio
  2963 | D:5      | Noticed Blork the orc
  2969 | D:5      | Killed Blork the orc
  2977 | D:5      | Reached XP level 8. HP: 78/78 MP: 7/7
  2989 | D:5      | HP: 2/76 [wight/+0 long sword (10)]
  3079 | D:5      | Reached skill level 5 in Unarmed Combat
  3098 | D:5      | Killed Eustachio
  3099 | D:5      | Reached skill level 5 in Shields
  3561 | D:5      | Found a runed translucent door.
  3568 | D:5      | Found a basalt altar of Yredelemnul.
  3911 | D:6      | Reached skill level 5 in Fighting
  3911 | D:6      | Reached skill level 5 in Dodging
  4226 | D:6      | Reached XP level 9. HP: 82/88 MP: 8/8
  4242 | D:6      | Found a white marble altar of Elyvilon.
  4271 | D:6      | Found a hide-covered altar of Uskayaw.
  4271 | D:6      | Found an ancient bone altar of Kikubaaqudgha.
  4443 | D:6      | Found a snail-covered altar of Cheibriados.
  4971 | D:7      | Noticed a troll
  4980 | D:7      | HP: 2/88 [troll (11)]
  4980 | D:7      | Slain by a troll

Illustrated notes

Levels and vault maps discovered:
D:1:      enne_arrival_octagon_isle, layout_basic
D:2:      layout_loops_corners
D:3:      layout_rooms, minivault_26, uniq_natasha, uniq_pargi
D:4:      layout_loops_ring, fedhas_altar_3, minmay_temple_entry_arrows
D:5:      layout_layer_cave, dk_yredelemnul_ordeal, chequers_big_river,
          sword_in_stone
D:6:      layout_loops_ring, nicolae_elyvilon_temple_path,
          gammafunk_temple_overflow_wave, mainiacjoe_overflow_alcove_2
D:7:      nicolae_cairo_tiling_large, layout_layer_cave
Temple:   nicolae_temple_great_sept

Skill      XL: |  1  2  3  4  5  6  7  8  9 |
---------------+----------------------------+-----
Shields        | 3 4 5 6 |  6.1
Armour         | 1 2 |  2.5
Unarmed Combat | 3 4 6 |  6.4
Fighting       | 3 4 5 |  5.5
Dodging        | 3 4 5 |  5.6

Action                   |  1- 3 |  4- 6 |  7- 9 || total
-------------------------+-------+-------+-------++-------
Melee: Unarmed           |    88 |   116 |   192 ||   396
Throw: Stone             |     2 |       |       ||     2
       Large rock        |     6 |    19 |    10 ||    35
       Boomerang         |       |     5 |    10 ||    15
       Dart              |       |       |     8 ||     8
Invok: Lunge             |       |       |    17 ||    17
Evoke: Wand              |       |       |     3 ||     3
  Use: Scroll            |       |     2 |     8 ||    10
       Potion            |       |     1 |     1 ||     2
 Stab: Distracted        |       |       |     1 ||     1
Armor: Robe              |    28 |    29 |    42 ||    99
Dodge: Dodged            |    27 |    55 |    83 ||   165
Block: Kite shield       |    26 |    57 |    88 ||   171

Table legend: (Time is in decaauts)
 A = Elapsed time spent in this place.
 B = Non-inter-level travel time spent in this place.
 C = Inter-level travel time spent in this place.
 D = Time resting spent in this place.
 E = Time spent auto-exploring this place.
 F = Levels seen in this place.
 G = Mean time per level.
                   A        B        C        D        E       F      G
               +--------+--------+--------+--------+--------+-----+--------+
         Total |   5067 |   4801 |    266 |      0 |   3676 |   8 |  633.4 |
       Dungeon |   4973 |   4726 |    247 |      0 |   3612 |   7 |  710.4 |
        Temple |     93 |     74 |     19 |      0 |     64 |   1 |   93.0 |
               +--------+--------+--------+--------+--------+-----+--------+

Top non-repeatable levels by time:
     D:5: 1098 daAuts
     D:2: 891 daAuts
     D:6: 811 daAuts
     D:4: 782 daAuts
     D:3: 656 daAuts
     D:1: 462 daAuts
     D:7: 270 daAuts
  Temple: 93 daAuts
